 Dungeon Crawl Stone Soup version 0.26-a0-244-g083ca260ac (webtiles) character file.

Game seed: 2965378626379562247

541 BeastOfSaturn the Carver (level 7, 0/72 HPs)
             Began as a Naga Warper on July 7, 2020.
             Was an Initiate of Cheibriados.
             Slain by a wight
             ... wielding a cursed +3 trident
              (3 damage)
             ... on level 4 of the Dungeon on July 8, 2020.
             The game lasted 00:22:27 (5508 turns).

BeastOfSaturn the Carver (Naga Warper)              Turns: 5508, Time: 00:22:28

Health: 0/72       AC:  3    Str: 16    XL:     7   Next: 26%
Magic:  7/10       EV: 13    Int: 15    God:    Cheibriados [......]
Gold:   87         SH:  4    Dex: 11    Spells: 3/10 levels left

rFire    . . .     SeeInvis +   a - +0 falchion
rCold    . . .     Faith    .   i - +0 buckler
rNeg     . . .     Spirit   .   b - +0 leather armour
rPois    +         Reflect  .   (no helmet)
rElec    .         Harm     .   (no cloak)
rCorr    .                      (no gloves)
MR       .....                  (no barding)
Stlth    +.........             (no amulet)
HPRegen  0.22/turn              h - +4 ring of evasion
MPRegen  0.12/turn              (no ring)

@: heavily drained, very slow
A: large, see invisible, deformed body, poison resistance, slowness 2, slow
metabolism 1, spit poison 1, AC +2
a: Spit Poison, Bend Time, Renounce Religion


You were on level 4 of the Dungeon.
You worshipped Cheibriados.
Cheibriados was noncommittal.
You were not hungry.

You visited 2 branches of the dungeon, and saw 5 of its levels.

You collected 87 gold pieces.

Inventory:

Hand Weapons
 a - a +0 falchion (weapon)
Missiles
 e - 4 boomerangs of dispersal (quivered)
 l - a throwing net
Armour
 b - a +0 leather armour (worn)
 i - a +0 buckler (worn)
Jewellery
 h - a +4 ring of evasion (left hand)
Wands
 o - a wand of flame (7)
 s - a wand of acid (6)
Scrolls
 c - 3 scrolls of identify
 d - 2 scrolls of blinking
 f - a scroll of noise {unknown}
 g - 2 scrolls of enchant weapon {unknown}
 k - 3 scrolls of remove curse {unknown}
 m - a scroll of fear {unknown}
 n - a scroll of teleportation {unknown}
Potions
 p - 2 potions of flight {unknown}
 q - a potion of degeneration {unknown}
 r - a potion of ambrosia {unknown}
Comestibles
 j - 3 rations


   Skills:
 * Level 7.3(5.7) Fighting
 * Level 8.0(6.3) Long Blades
 - Level 0.8(0.0) Throwing
 - Level 0.7(0.0) Armour
 - Level 2.0(0.6) Dodging
 - Level 5.3(3.7) Shields
 - Level 2.0(0.6) Spellcasting
 * Level 7.2(5.6) Translocations


You had 3 spell levels left.
You knew the following spells:

 Your Spells              Type           Power        Failure   Level
a - Blink                 Tloc           N/A          4%          2
b - Shroud of Golubria    Chrm/Tloc      #.....       16%         2
c - Teleport Other        Tloc           ###.....     10%         3

Your spell library contained the following spells:

 Spells                   Type           Power        Failure   Level
 Gell's Gravitas          Tloc           ###.......   10%         3
 Lesser Beckoning         Tloc           ###.......   10%         3
 Passage of Golubria      Tloc           N/A          30%         4


Dungeon Overview and Level Annotations

Branches:
Dungeon (4/15)             Temple (1/1) D:4

Altars:
Cheibriados
Gozag
Hepliaklqana
Kikubaaqudgha
Makhleb
Qazlal
Sif Muna
Trog
Vehumet
Zin

Annotations:
D:3 1 runed translucent door, Crazy Yiuf


Innate Abilities, Weirdness & Mutations

You cannot wear boots.
Your serpentine skin is tough. (AC +2)
You have supernaturally acute eyesight. (SInv)
Armour fits poorly on your strangely shaped body.
Your system is resistant to poisons. (rPois)
You cover ground very slowly.
You have a slow metabolism.
You can spit poison.


Message History

The wight completely misses you.
You hit the wight but do no damage.
The wight is severely damaged.
The wight hits you with a +0 short sword.
* * * LOW HITPOINT WARNING * * *
You feel drained.
* * * LOW HITPOINT WARNING * * *
You block the wight's attack.
You barely miss the wight.
The wight is severely damaged.
The wight barely misses you.
The wight hits you from afar with a cursed +3 trident!
* * * LOW HITPOINT WARNING * * *
You feel drained.
* * * LOW HITPOINT WARNING * * *
The flow of time bends around you.
Cheibriados rebukes the wight.
The wight seems to slow down.
You block the wight's attack.
The wight hits you from afar with a cursed +3 trident.
You die...

#...............#
#.....#.^.##...##
#..............##
#.......#####....
#.....#.## ###.8 ######
#######..## #... ##.....##
###..####8.>
........########.......>...
........?z@......########.8
.?......z######### ###
.........# # .........# #
........%# #### .........#
#... ........$# ## #.##
##.....#.. ....##### #.#
###### ## #.....#####.#


You could see 2 wights.

Vanquished Creatures
  Ijyb (D:3)
  Natasha (thrice) (D:3)
  2 orc wizards
  A worker ant (D:4)
  5 adders
  2 oozes (D:1)
  2 worms
  A dart slug (D:1)
  3 leopard geckos
  9 orcs
  7 bats
  3 giant cockroaches
  7 goblins
  7 hobgoblins
  2 jackals (D:2)
  7 kobolds
  4 quokkas
  7 frilled lizards
  8 rats
81 creatures vanquished.

Notes
Turn   | Place    | Note
-------+----------+-------------------------------------------
     0 | D:1      | BeastOfSaturn the Naga Warper began the quest for the Orb.
     0 | D:1      | Reached XP level 1. HP: 19/19 MP: 3/3
   280 | D:1      | Reached XP level 2. HP: 26/26 MP: 5/5
   794 | D:1      | Reached XP level 3. HP: 32/33 MP: 6/6
   798 | D:1      | Learned a level 2 spell: Blink
  1532 | D:2      | Reached skill level 3 in Long Blades
  1546 | D:2      | HP: 1/33 [poisoned by an adder]
  2003 | D:2      | Reached XP level 4. HP: 15/40 MP: 7/7
  2210 | D:2      | Learned a level 2 spell: Shroud of Golubria
  2238 | D:2      | Found a bloodstained altar of Trog.
  2525 | D:2      | Found a stormy altar of Qazlal.
  3202 | D:2      | Upgraded the game from 0.26-a0-227-g1af32d979d to
                  | 0.26-a0-244-g083ca260ac
  3380 | D:3      | Noticed Natasha
  3386 | D:3      | Killed Natasha
  3386 | D:3      | Reached XP level 5. HP: 28/49 MP: 8/8
  3524 | D:3      | Noticed Ijyb
  3525 | D:3      | Noticed Natasha
  3613 | D:3      | Killed Natasha
  3613 | D:3      | Reached skill level 4 in Long Blades
  3822 | D:3      | Killed Ijyb
  3822 | D:3      | Reached skill level 1 in Shields
  4245 | D:3      | Noticed Natasha
  4252 | D:3      | Killed Natasha
  4342 | D:3      | Found a glowing silver altar of Zin.
  4827 | D:3      | Reached XP level 6. HP: 48/56 MP: 9/9
  4858 | D:3      | Reached skill level 7 in Long Blades
  4858 | D:3      | Reached skill level 5 in Shields
  4858 | D:3      | Reached XP level 7. HP: 67/72 MP: 10/10
  4863 | D:3      | Learned a level 3 spell: Teleport Other
  4927 | D:3      | Found a shimmering blue altar of Sif Muna.
  4987 | D:3      | Found a runed translucent door.
  4988 | D:3      | Noticed Crazy Yiuf
  5206 | D:4      | Found a glowing drain.
  5378 | D:4      | Found a staircase to the Ecumenical Temple.
  5387 | Temple   | Entered the Ecumenical Temple
  5401 | Temple   | Became a worshipper of Cheibriados the Contemplative
  5494 | D:4      | Reached skill level 8 in Long Blades
  5507 | D:4      | HP: 3/72 [wight/cursed +3 trident (4)]
  5508 | D:4      | Slain by a wight

Illustrated notes

Levels and vault maps discovered:
D:1:      giann_forest_graveyard, layout_loops_corners, serial_glass,
          glass_columns_a, glass_columns_b, minmay_misc_feat_x,
          hangedman_decor_riveting
D:2:      layout_basic, nicolae_overflow_crystal_walls, first_ration,
          nrook_campfire, moated_statue, grunt_qazlal_clouds
D:3:      layout_loops_ring, lemuel_round_altar, tgw_sif, minivault_25,
          uniq_natasha, uniq_ijyb, uniq_crazy_yiuf_cottage
D:4:      layout_rooms, minmay_temple_entry_statues_pillars,
          cheibrodos_sewer_entry_sluice
Temple:   compressed_dpeg_triangle_lava_temple

Skill      XL: |  1  2  3  4  5  6  7 |
---------------+----------------------+-----
Dodging        | 2 |  2.0
Long Blades    | 3 4 7 8 |  8.0
Fighting       | 3 7 |  7.3
Shields        | 1 5 |  5.3
Translocations | 7 |  7.2
Throwing       | |  0.8
Armour         | |  0.7
Spellcasting   | |  2.0

Action                   |  1- 3 |  4- 6 |  7- 9 || total
-------------------------+-------+-------+-------++-------
Melee: Falchion          |    97 |   179 |    48 ||   324
Throw: Boomerang         |       |       |     1 ||     1
 Cast: Blink             |       |     1 |       ||     1
       Shroud of Golubri |       |     1 |       ||     1
Invok: Bend Time         |       |       |     1 ||     1
 Abil: Spit Poison       |     1 |     5 |     1 ||     7
  Use: Scroll            |       |     3 |       ||     3
       Potion            |       |     1 |       ||     1
  Eat: Ration            |     1 |     2 |     1 ||     4
Armor: Leather armour    |    12 |    36 |    14 ||    62
Dodge: Dodged            |    56 |   124 |    42 ||   222
Block: Buckler           |     6 |    30 |    19 ||    55
       Rpst.: Falchion   |    19 |    44 |    17 ||    80

Table legend:
 A = Non-vault XP
 B = Vault XP
 C = Vault XP percentage of total XP
 D = Non-vault monster count
 E = Vault monster count
 F = Vault count percentage of total count
                 A         B        C        D         E       F
            +---------+---------+-------+---------+---------+-------
      Total |     354 |     113 |  24.2 |      76 |       5 |   6.2
            +---------+---------+-------+---------+---------+-------
        D:1 |      54 |       0 |   0.0 |      17 |       0 |   0.0
        D:2 |      52 |       0 |   0.0 |      22 |       0 |   0.0
        D:3 |     149 |     109 |  42.2 |      29 |       3 |   9.4
        D:4 |      99 |       4 |   3.9 |       8 |       2 |  20.0
            +---------+---------+-------+---------+---------+-------
